 Dungeon Crawl Stone Soup version 0.17-a0-1850-g688e747 (webtiles) character file.

87 kosy22 the Skirmisher (level 4, -15/28 (40) HPs)
             Began as a Ghoul Fighter on Sept 19, 2015.
             Was an Initiate of Gozag.
             Demolished by an ogre
             ... wielding a +0 giant spiked club
              (23 damage)
             ... on level 3 of the Dungeon.
             The game lasted 00:07:41 (2812 turns).

kosy22 the Skirmisher (Ghoul Fighter)               Turns: 2812, Time: 00:07:41

HP:   -15/28 (40)   AC:  9    Str: 20    XL:     4   Next: 51%
MP:   3/3           EV:  5    Int:  3    God:    Gozag
Gold: 215           SH:  9    Dex:  8    Spells: 0 memorised, 3 levels left

rFire  . . .     SeeInvis .     h - +5 mace
rCold  + . .     Clarity  .     d - +0 chain mail
rNeg   + + +     SustAt   .     b - +0 shield
rPois  ∞         Gourm    .     (no helmet)
rElec  .         Spirit   .     (no cloak)
rCorr  .         Warding  .     (no gloves)
rMut   .         Stasis   .     (no boots)
MR     .....                    e - amulet of inaccuracy (curse)
Stlth  ..........               (no ring)
                                (no ring)

@: rotting, hasted, very quick, not resistant to hostile enchantments, extremely
unstealthy
A: rotting body, claws 1, carnivore 3, cold resistance 1, negative energy
resistance 3, slow healing 1, torment resistance, unbreathing
a: Potion Petition, Call Merchant, Bribe Branch, Renounce Religion


You were on level 3 of the Dungeon.
You worshipped Gozag.
Gozag was noncommittal.
You were hungry.

You visited 1 branch of the dungeon, and saw 3 of its levels.

You collected 227 gold pieces.
You paid 12 gold pieces to Gozag.

Inventory:

Hand weapons
 h - a +5 mace (weapon)
Armour
 a - a +0 scale mail
 b - a +0 shield (worn)
 d - a +0 chain mail (worn)
 i - a +0 ring mail
Jewellery
 e - a cursed amulet of inaccuracy (around neck)
Potions
 c - a potion of might
 f - a potion of flight {unknown}
 g - a potion of haste


   Skills:
 + Level 3.8 Fighting
 + Level 3.3 Armour
 + Level 1.2 Dodging
 + Level 3.2 Shields
 + Level 2.5 Unarmed Combat


You had 3 spell levels left.
You didn't know any spells.

Dungeon Overview and Level Annotations

Branches:
Dungeon (3/15)

Altars:
Gozag

Shops:
D:2 *


Innate Abilities, Weirdness & Mutations

Your body is rotting away.
You thrive on raw meat.
You are immune to poison.
You have sharp fingernails.
You are carnivorous and can eat meat at any time.
Your flesh is cold resistant.
You are immune to negative energy.
You heal slowly when monsters are visible.
You are immune to unholy pain and torment.
You can survive without breathing.


Message History

A goblin is nearby!
An ogre comes into view. It is wielding a giant spiked club.
The ogre shouts!
You closely miss the goblin. The goblin hits you.
You block the goblin's attack.
You thump the goblin!
You kill the goblin!
You hit the ogre.
The ogre is moderately wounded.
The ogre hits you with a giant spiked club!
Ouch! That really hurt!
* * * LOW HITPOINT WARNING * * *
A hobgoblin comes into view.
Drink which item? (? for menu, Esc to quit)
You feel yourself speed up.
The hobgoblin shouts!
The ogre hits you with a giant spiked club!!
Ouch! That really hurt!
You die...
Your body crumbles into a pile of gold.

## .# .# .# .#########
.........#####
.#######.....#### .#
#####....## .# ####.@#
.# ##O....... ##
#########........ $ .#
#.......#.#......
.#######.....(..........
..#...##.........#......
#...............## ...g.
#............... ###.#
#..............#


You could see an ogre and a hobgoblin.

Vanquished Creatures
  Terence (D:2)
  A gnoll (D:1)
  An adder (D:2)
  3 giant geckos
  7 bats
  A giant cockroach (D:2)
  9 hobgoblins
  A quokka (D:2)
  4 giant newts
  3 goblins
  5 kobolds
  6 rats
42 creatures vanquished.

Notes
Turn   | Place    | Note
--------------------------------------------------------------
     0 | D:1      | kosy22 the Ghoul Fighter began the quest for the Orb.
     0 | D:1      | Reached XP level 1. HP: 19/19 MP: 0/0
   289 | D:1      | Reached XP level 2. HP: 13/25 MP: 1/1
   664 | D:1      | Reached XP level 3. HP: 16/29 MP: 2/2
  1080 | D:2      | Found an opulent altar of Gozag.
  1084 | D:2      | Found Gozag's Platinum Reserve.
  1136 | D:2      | Became a worshipper of Gozag Ym Sagoz the Greedy
  1401 | D:2      | Noticed Terence
  1419 | D:2      | Killed Terence
  1419 | D:2      | Reached skill level 1 in Dodging
  1419 | D:2      | Reached XP level 4. HP: 23/35 MP: 3/3
  2808 | D:3      | Noticed an ogre
  2812 | D:3      | Demolished by an ogre

Vault maps used:
D:1:      dpeg_arrival_shelter
D:2:      nicolae_gozag_zags_fifth_avenue, first_bread, uniq_terence

Action                   |  1- 3 |  4- 6 || total
-------------------------+-------+-------++-------
Melee: Unarmed           |   169 |    77 ||   246
       Mace              |       |    48 ||    48
  Use: Potion            |     2 |     1 ||     3
       Scroll            |       |     2 ||     2
  Eat: Meat ration       |     1 |       ||     1
       Pizza             |       |     1 ||     1
